 Dungeon Crawl Stone Soup version 0.27-a0-543-gd81048afd2 (webtiles) character file.

Game seed: 11466987102773409548

78918 Venetian the Geomancer (level 15, -17/83 HPs)
             Began as a Gargoyle Earth Elementalist on Mar 7, 2021.
             Was a High Priest of Vehumet.
             Killed by Lee's Rapid Deconstruction
             ... invoked by Zander's ghost
              (27 damage)
             ... on level 6 of the Lair of Beasts.
             The game lasted 00:54:34 (22075 turns).

Venetian the Geomancer (GrEE)                      Turns: 22075, Time: 00:54:35

Health: -17/83     AC: 29    Str: 19    XL:     15   Next: 61%
Magic:  26/38      EV: 14    Int: 21    God:    Vehumet [*****.]
Gold:   1735       SH:  0    Dex: 10    Spells: 4/34 levels left

rFire    + + .     SeeInvis .   y - +9 dire flail (freeze)
rCold    . . .     Faith    .   (shield currently unavailable)
rNeg     + . .     Spirit   .   t - +3 troll leather armour
rPois    ∞         Reflect  .   J - +2 helmet
rElec    +         Harm     .   n - +2 cloak
rCorr    .         Rampage  .   (no gloves)
Will     +....                  w - +2 pair of boots of Jouraur {rF++}
Stlth    ++........             B - amulet of magic regeneration
HPRegen  1.23/turn              o - +6 ring of strength
MPRegen  0.51/turn              m - ring of magical power

@: flying
A: big wings, frail 1, negative energy resistance 1, electricity resistance,
torment resistance 1, unbreathing 1, petrification resistance, AC +11
a: Stop Flying, Renounce Religion


You were on level 6 of the Lair of Beasts.
You worshipped Vehumet.
Vehumet was extremely pleased with you.
You visited 2 branches of the dungeon, and saw 20 of its levels.
You also visited: Bailey and Ice Cave.

You collected 1735 gold pieces.

Inventory:

Hand Weapons
 y - a +9 dire flail of freezing (weapon)
 M - the +8 rapier of the Weasel {vorpal, rPois rF+ Str+2 Stlth+}
   (You found it on level 3 of the Lair of Beasts)

   It inflicts extra damage upon your enemies.
   It affects your strength (+2).
   It protects you from fire.
   It protects you from poison.
   It makes you more stealthy.
Missiles
 b - 761 stones
 H - 7 throwing nets
Armour
 n - a +2 cloak (worn)
 t - a +3 troll leather armour (worn)
 w - the +2 pair of boots of Jouraur (worn) {rF++}
   (You found it on level 7 of the Dungeon)

   It greatly protects you from fire.
 J - a +2 helmet (worn)
Jewellery
 h - a ring of resist corrosion
 m - a ring of magical power (right hand)
 o - a +6 ring of strength (left hand)
 q - a +4 ring of protection
 B - an amulet of magic regeneration (around neck)
 L - a ring of fire
Wands
 x - a wand of polymorph (10)
 G - a wand of digging (11)
 I - a wand of flame (32)
Scrolls
 c - 2 scrolls of enchant weapon
 e - 11 scrolls of teleportation
 f - 6 scrolls of fear
 j - 6 scrolls of amnesia
 s - 4 scrolls of magic mapping
 v - 14 scrolls of identify
 A - 5 scrolls of blinking
 C - a scroll of holy word
 K - a scroll of immolation
Potions
 a - 6 potions of heal wounds
 d - 6 potions of lignification
 i - 6 potions of brilliance
 l - a potion of invisibility
 p - 2 potions of ambrosia
 r - 16 potions of curing
 u - 4 potions of haste
 z - a potion of magic
 D - 7 potions of might
 E - a potion of resistance
 F - a potion of berserk rage
Miscellaneous
 g - a box of beasts


   Skills:
 + Level 10.4 Fighting
 + Level 9.6 Maces & Flails
 - Level 6.0 Armour
 + Level 8.2 Dodging
 - Level 2.1 Stealth
 + Level 10.1 Spellcasting
 + Level 11.4 Conjurations
 - Level 0.7 Transmutations
 * Level 5.7 Fire Magic
 + Level 13.1 Earth Magic
 + Level 8.7 Evocations


You had 4 spell levels left.
You knew the following spells:

 Your Spells              Type           Power      Damage    Failure   Level
a - Sandblast             Erth           100%       2d20      1%          1
b - Stone Arrow           Conj/Erth      100%       3d13      1%          3
c - Lee's Rapid Deconstr  Erth           30%        3d17*     1%          5
d - Iron Shot             Conj/Erth      29%        9d6       1%          6
e - Bolt of Magma         Conj/Fire/Erth 26%        4d12      1%          5
f - Fireball              Conj/Fire      23%        3d11      1%          5
g - Irradiate             Conj/Tmut      18%        3d20      4%          5

Your spell library contained the following spells:

 Spells                   Type           Power      Damage    Failure   Level
 Eringya's Noxious Bog    Tmut/Pois      6%         N/A       90%         6
 Foxfire                  Conj/Fire      100%       2x1d9     1%          1
 Magic Dart               Conj           100%       1d8       1%          1
 Passwall                 Tmut/Erth      32%        N/A       1%          2
 Sticky Flame             Conj/Fire      46%        2d6       1%          4
 Petrify                  Tmut/Erth      39%        N/A       4%          4
 Confusing Touch          Hex            10%        N/A       22%         3
 Gell's Gravitas          Tloc           5%         N/A       22%         3
 Lesser Beckoning         Tloc           5%         N/A       22%         3
 Manifold Assault         Tloc           10%        N/A       58%         4
 Yara's Violent Unravell  Hex/Tmut       6%         3d5       41%         5
 Metabolic Englaciation   Hex/Ice        5%         N/A       90%         5


Dungeon Overview and Level Annotations

Branches:
Dungeon (14/15)            Temple (0/1) D:6            Lair (6/6) D:11
  Swamp (0/4) Lair:3        Snake (0/4) Lair:2        Slime (0/5) Lair:5
    Orc (0/2) D:9          Vaults (0/5) D:13         Bailey (visited)
  IceCv (visited)

Altars:
Ashenzari
Cheibriados
Dithmenos
Fedhas
Gozag
Okawaru
Qazlal
Trog
Uskayaw
Vehumet
Wu Jian
Xom
Yredelemnul
Beogh
Lugonu

Annotations:
Lair:6 Zander's ghost, journeyman GrEE


Innate Abilities, Weirdness & Mutations

Your stone body is resilient. (AC +11)
You are immune to poison.
Your large and strong wings let you fly indefinitely.
You resist negative energy. (rN+)
You are resistant to electric shocks. (rElec)
You are resistance to unholy torment.
You can survive without breathing.
You are immune to petrification.
You are frail. (-10% HP)


Message History

The stone door frame shatters!
The blast of rock fragments hits the spectral komodo dragon!
The spectral komodo dragon is heavily damaged.
The blast of rock fragments hits Zander's ghost but does no damage.
Zander's ghost is moderately damaged.
The blast of rock fragments hits the spectral dream sheep!!
The spectral dream sheep is heavily damaged.
The blast of rock fragments hits the spectral black mamba!
The spectral black mamba is almost destroyed.
The blast of rock fragments hits the four-headed hydra simulacrum!!
The four-headed hydra simulacrum is severely damaged.
The blast of rock fragments hits the spectral six-headed hydra!
The spectral six-headed hydra is heavily damaged.
The spectral black mamba bites you but does no damage.
The four-headed hydra simulacrum barely misses you.
The four-headed hydra simulacrum misses you.
The four-headed hydra simulacrum bites you but does no damage.
The four-headed hydra simulacrum bites you.
The four-headed hydra simulacrum freezes you!!
* * * LOW HITPOINT WARNING * * *
Unknown command.
Unknown command.
Unknown command.
Unknown command.
Unknown command.
Blink to where?
Press: ? - help, Dir - move target, p - spectral komodo dragon
As you read the scroll of blinking, it crumbles to dust.
Casting: Lee's Rapid Deconstruction (mildly dangerous; 1% risk of failure)
Confirm with . or Enter, or press ? or * to list all spells.
Aiming: Iron Shot (dangerous; 1% risk of failure)
Press: ? - help, Shift-Dir - straight line, f - spectral black mamba
Aim: a spectral black mamba (almost destroyed, 29% to evade)
The iron shot hits the spectral black mamba!!
You destroy the spectral black mamba!
Vehumet accepts your kill.
You feel your power returning.
Zander's ghost points at you and mumbles some strange words.
You shatter!!
You die...

... .................
#.. .............# . #..
.##..P....P#### #...
####.#.........#..
....##P.#.#........##..
..........#ZW.....P...
...#.../..Z..Z........
##...###ZZ'###..... #.
#@#.#.......###### ...
#.####.....####P##
....###.###.......##....
..........##.)!(.##.....
..........#..#.#..#.....
..........#########.....
........................
........................
.PP#P.....P.#.P.........


You could see a spectral six-headed hydra, Zander's ghost and a four-headed
hydra simulacrum.

Vanquished Creatures
  The ghost of Cuemaoku the Tainter, a journeyman OpVM of Sif Muna (Lair:5)
  2 ogre magi
  9 hydras
  6 death yaks (Lair:4)
  6 two-headed ogres
  4 centaur warriors
  Urug (Lair:3)
  A skeletal warrior (D:13)
  3 unseen horrors
  A deep elf archer (D:13)
  An orange crystal statue (Lair:1)
  A wizard (D:12)
  3 deep elf pyromancers
  A deep elf zephyrmancer (D:13)
  5 oklob plants
  8 ugly things
  3 cyclopes
  21 elephants
  4 black mambas
  7 cane toads
  Psyche (D:8)
  A gargoyle (D:13)
  3 rime drakes
  A freezing wraith (D:14)
  7 komodo dragons
  A troll (D:14)
  A wolf spider simulacrum (D:7)
  Grinder (D:3)
  A tyrant leech (Lair:3)
  2 polar bears
  3 hornets
  12 blink frogs
  A dream sheep (Lair:5)
  6 slime creatures
  A spectral black mamba (Lair:6)
  Sigmund (D:2)
  3 centaur simulacra (D:7)
  A vampire (D:14)
  8 wraiths
  9 wyverns
  A shadow (D:12)
  8 humans (D:9)
  4 basilisks
  8 vampire mosquitoes
  A steam dragon (D:13)
  39 yaks
  4 nagas (Lair:2)
  Edmund (D:9)
  2 acid dragons
  2 soldier ants (D:14)
  14 water moccasins
  4 black bears
  10 orc warriors
  6 ice beasts
  10 ogres
  7 necrophages
  2 eyes of draining (D:13)
  11 wolves
  18 centaurs
  3 phantoms
  16 bullfrogs
  2 kobold brigands
  8 gnoll sergeants (Bailey)
  5 jellies
  3 wyvern skeletons
  3 scorpions
  15 killer bees
  10 wights (D:8)
  A howler monkey (D:12)
  6 centaur zombies
  4 lava snakes (Lair:1)
  3 bullfrog zombies
  A quasit (D:9)
  13 hounds
  7 centaur skeletons
  13 orc priests
  4 bullfrog skeletons
  7 gnoll shamans
  2 iguanas
  8 orc wizards
  7 hell rats (Lair:6)
  13 worker ants
  4 hound skeletons
  Robin (D:4)
  27 gnolls
  12 adders
  2 shadow imps
  2 ufetubi
  An adder skeleton (D:10)
  6 dart slugs
  4 leopard geckos
  55 orcs
  3 giant cockroaches
  11 goblins
  8 hobgoblins
  7 jackals
  16 kobolds
  6 quokkas
  3 ball pythons
  21 bats
  3 frilled lizards
  2 leopard gecko skeletons
  2 quokka skeletons
  A quokka zombie (D:6)
  9 rats
  3 bushes (Lair:4)
667 creatures vanquished.

Vanquished Creatures (collateral kills)
  An ugly thing (D:13)
  A centaur (D:13)
  An orc (D:13)
3 creatures vanquished.

Vanquished Creatures (others)
  A yak (IceCv)
  2 wolves (IceCv)
  A gnoll sergeant (D:6)
  A hound (D:6)
  13 fungi
  28 plants
46 creatures vanquished.

Grand Total: 716 creatures vanquished

Notes
Turn   | Place    | Note
-------+----------+-------------------------------------------
     0 | D:1      | Venetian the Gargoyle Earth Elementalist began the quest
                  | for the Orb.
     0 | D:1      | Reached XP level 1. HP: 10/10 MP: 3/3
   214 | D:1      | Reached skill level 4 in Earth Magic
   214 | D:1      | Reached XP level 2. HP: 15/15 MP: 3/5
   719 | D:1      | Reached XP level 3. HP: 18/19 MP: 6/6
   723 | D:1      | Learned a level 3 spell: Stone Arrow
  1420 | D:2      | Reached skill level 1 in Conjurations
  1483 | D:2      | Reached XP level 4. HP: 23/24 MP: 8/8
  1869 | D:2      | Noticed Sigmund
  1874 | D:2      | Killed Sigmund
  1875 | D:2      | Reached skill level 5 in Earth Magic
  1875 | D:2      | Reached XP level 5. HP: 28/28 MP: 3/10
  1875 | D:2      | Reached XP level 6. HP: 32/32 MP: 3/11
  1890 | D:2      | Learned a level 5 spell: Lee's Rapid Deconstruction
  2339 | D:3      | Noticed Grinder
  2343 | D:3      | Paralysed by Grinder for 5 turns
  2389 | D:3      | Killed Grinder
  2390 | D:3      | Reached skill level 6 in Earth Magic
  2390 | D:3      | Reached XP level 7. HP: 32/36 MP: 3/13
  2749 | D:3      | Found a radiant altar of Vehumet.
  2749 | D:3      | Found a broken altar of Ashenzari.
  2749 | D:3      | Found a shadowy altar of Dithmenos.
  2749 | D:3      | Found a snail-covered altar of Cheibriados.
  2755 | D:3      | Became a worshipper of Vehumet
  2778 | D:3      | Found an iron altar of Okawaru.
  4001 | D:4      | Noticed Robin
  4019 | D:4      | Reached * piety under Vehumet
  4019 | D:4      | Offered knowledge of Foxfire by Vehumet.
  4109 | D:4      | Killed Robin
  4250 | D:5      | Entered Level 5 of the Dungeon
  4269 | D:5      | Reached skill level 1 in Maces & Flails
  4273 | D:5      | Reached skill level 1 in Fighting
  4273 | D:5      | Reached skill level 1 in Armour
  4273 | D:5      | Reached skill level 7 in Earth Magic
  4273 | D:5      | Reached XP level 8. HP: 34/43 MP: 15/15
  4370 | D:5      | Reached skill level 5 in Spellcasting
  4421 | D:5      | Gained mutation: You are dopey. (Int -2) [potion of
                  | mutation]
  4421 | D:5      | Lost mutation: You are dopey. (Int -2) [potion of mutation]
  4604 | D:5      | Found a bloodstained altar of Trog.
  4608 | D:5      | Found an opulent altar of Gozag.
  4684 | D:5      | Found a stormy altar of Qazlal.
  4787 | D:5      | Found a bloodstained altar of Trog.
  4793 | D:5      | Reached skill level 5 in Conjurations
  5400 | D:6      | Reached skill level 1 in Evocations
  5452 | D:6      | Found a staircase to the Ecumenical Temple.
  5501 | D:6      | Found a hide-covered altar of Uskayaw.
  5551 | D:6      | Found a shimmering altar of Xom.
  6123 | D:6      | Offered knowledge of Searing Ray by Vehumet.
  6126 | D:6      | Reached ** piety under Vehumet
  6310 | D:6      | Reached XP level 9. HP: 41/49 MP: 17/17
  6933 | D:7      | Identified the +4 ring mail of Valour {+Fly rPois Will-}
  6974 | D:7      | Found a transporter.
  7068 | D:7      | Identified the +3 short sword of Chaos {vorpal, *Corrode
                  | rElec rF+ Int+4}
  7072 | D:7      | Found a transporter.
  7085 | D:7      | Identified the +2 pair of boots of Jouraur {rF++}
  7418 | D:7      | Reached skill level 8 in Earth Magic
  7751 | D:8      | Offered knowledge of Conjure Flame by Vehumet.
  7752 | D:8      | Reached XP level 10. HP: 50/56 MP: 12/19
  8031 | D:8      | Reached *** piety under Vehumet
  8143 | D:8      | Offered knowledge of Fulminant Prism by Vehumet.
  8355 | D:8      | Noticed Psyche
  8371 | D:8      | Killed Psyche
  8673 | D:8      | Found a shimmering altar of Xom.
  8678 | D:8      | Found an ornate altar of the Wu Jian Council.
  8888 | D:9      | Noticed a necromancer
  8892 | D:9      | Noticed a two-headed ogre
  8892 | D:9      | a necromancer changed into a two-headed ogre
  8898 | D:9      | Killed a two-headed ogre
  8899 | D:9      | Reached skill level 5 in Armour
  8899 | D:9      | Reached skill level 9 in Earth Magic
  9026 | D:9      | Reached skill level 5 in Fighting
  9123 | D:9      | Reached **** piety under Vehumet
  9138 | D:9      | Reached XP level 11. HP: 64/64 MP: 21/21
  9181 | D:9      | Reached skill level 5 in Maces & Flails
  9241 | D:9      | Offered knowledge of Irradiate by Vehumet.
  9272 | D:9      | Learned a level 5 spell: Irradiate
  9404 | D:9      | Noticed Edmund
  9410 | D:9      | Killed Edmund
  9458 | D:9      | Identified the Reference Book on Torrid Translocation
  9475 | D:9      | Learned a level 5 spell: Fireball
  9936 | D:9      | Noticed a two-headed ogre
  9944 | D:9      | Killed a two-headed ogre
 10171 | D:9      | Found a staircase to the Orcish Mines.
 10374 | D:10     | Entered Level 10 of the Dungeon
 10648 | D:10     | Reached skill level 5 in Dodging
 10670 | D:10     | Reached ***** piety under Vehumet
 10878 | D:10     | Offered knowledge of Bolt of Magma by Vehumet.
 10898 | D:10     | Learned a level 5 spell: Bolt of Magma
 11059 | D:10     | Reached skill level 5 in Evocations
 11061 | D:10     | Reached skill level 10 in Earth Magic
 11280 | D:10     | Noticed a purple ugly thing
 11287 | D:10     | Killed a purple ugly thing
 11345 | D:10     | Reached XP level 12. HP: 65/71 MP: 23/23
 11835 | D:11     | Found a staircase to the Lair.
 13145 | D:12     | Found a corrupted altar of Lugonu.
 13155 | D:12     | Identified Lugonu's Collected Works on Attacks
 13325 | D:13     | Noticed a centaur warrior
 13336 | D:13     | Killed a centaur warrior
 13448 | D:13     | Found a flagged portal.
 13476 | Bailey   | Entered a bailey
 13763 | Bailey   | Reached skill level 11 in Earth Magic
 13776 | Bailey   | Offered knowledge of Iskenderun's Battlesphere by Vehumet.
 14093 | D:13     | Reached XP level 13. HP: 78/78 MP: 25/25
 14609 | D:13     | Found a gate to the Vaults.
 15024 | D:12     | Reached skill level 10 in Conjurations
 15320 | D:13     | Identified the +0 storm dragon scales "Oquihoesagh" {Harm
                  | rElec rC+}
 15734 | D:14     | Found a frozen archway.
 15746 | IceCv    | Entered an ice cave
 15880 | D:14     | Gained mutation: Your large and strong wings let you fly
                  | indefinitely. [Gargoyle growth]
 15880 | D:14     | Reached XP level 14. HP: 81/86 MP: 27/27
 15927 | D:14     | Reached skill level 12 in Earth Magic
 16533 | D:14     | Offered knowledge of Iron Shot by Vehumet.
 16557 | D:14     | Learned a level 6 spell: Iron Shot
 16667 | Lair:1   | Entered Level 1 of the Lair of Beasts
 16927 | Lair:1   | Reached ****** piety under Vehumet
 17419 | Lair:2   | Found a staircase to the Snake Pit.
 17782 | Lair:2   | Reached skill level 1 in Fire Magic
 18410 | Lair:3   | Noticed Urug
 18414 | Lair:3   | Killed Urug
 18723 | Lair:3   | Found a staircase to the Swamp.
 18866 | Lair:3   | Identified the +8 rapier of the Weasel {vorpal, rPois rF+
                  | Str+2 Stlth+}
 19627 | Lair:4   | Offered knowledge of Freezing Cloud by Vehumet.
 19679 | Lair:4   | Reached skill level 10 in Fighting
 19679 | Lair:4   | Reached XP level 15. HP: 92/92 MP: 28/28
 20081 | Lair:4   | Found a blossoming altar of Fedhas.
 20804 | Lair:5   | Reached skill level 10 in Spellcasting
 20828 | Lair:5   | Reached skill level 5 in Fire Magic
 20869 | Lair:5   | Noticed Cuemaoku's ghost (journeyman OpVM)
 20949 | Lair:5   | Identified the +1 leather armour of the Special Stories
                  | {Dex+5}
 21063 | Lair:5   | Found a transporter.
 21070 | Lair:5   | Found a transporter.
 21141 | Lair:5   | Reached skill level 13 in Earth Magic
 21141 | Lair:5   | Killed Cuemaoku's ghost
 21220 | Lair:5   | Found a staircase to the Slime Pits.
 21825 | Lair:6   | Entered Level 6 of the Lair of Beasts
 21884 | Lair:6   | Offered knowledge of Eringya's Noxious Bog by Vehumet.
 21889 | Lair:6   | Gained mutation: You are frail. (-10% HP) [mutagenic glow]
 22052 | Lair:6   | Found a runed translucent gate.
 22052 | Lair:6   | Found a runed translucent gate.
 22052 | Lair:6   | Found a runed translucent gate.
 22054 | Lair:6   | Noticed Zander's ghost (journeyman GrEE)
 22075 | Lair:6   | Killed from afar by Zander's ghost

Illustrated notes

Levels and vault maps discovered:
D:1:      dpeg_arrival_signposts, layout_basic, st_stairs_13, minmay_box_of_dots
D:2:      minmay_alternating_diamond, layout_loops_ring, uniq_sigmund
D:3:      layout_loops_ring, minmay_overflow_temple_hex, uniq_grinder
D:4:      layout_rooms, uniq_robin
D:5:      layout_basic, grunt_temple_overflow_diamond, grunt_decor_junction,
          trog_three_pillars_becter
D:6:      layout_gridville, kennysheep_little_box,
          minmay_temple_entry_overgrown, xom_confusion_cloud
D:7:      gammafunk_cloud_chamber, layout_cave_pools
D:8:      layout_basic, minitemple, special_room [special_room_orc], uniq_psyche
D:9:      erik_cavepeople, layout_rooms, david_orc_4, kennysheep_nondescript,
          minmay_librarian
D:10:     layout_loops_ring, kennysheep_generic_room_13
D:11:     layout_roguey, david_lair_generic
D:12:     hangedman_arrow_trap, layout_irregular_city, tgw_lugonu_bribe
D:13:     layout_long_grid, hangedman_vaults_entry_quadrant_bands,
          enter_bailey_7
D:14:     layout_irregular_city, serial_park_gazebo
          [serial_park_minivault_5x5_3], portal_ice_cave_entry_pillars_1,
          uniq_josephine
Lair:1:   layout_loops_ring, disabler_island, lemuel_fruit_tree
Lair:2:   layout_hall_layers, minmay_snake_entry_guardpost_large, minivault_24,
          roderic_carrion_pond
Lair:3:   layout_gridlike, minmay_swamp_entry_worms, grunt_megastairs_3,
          serial_bayou_shore_b, minmay_lair_oklob_chamber, serial_bayou_shore_b,
          uniq_urug
Lair:4:   layout_small_grid, roderic_batcave, tgw_fedhas,
          infiniplex_staircase_pool_2
Lair:5:   layout_cave_pods, minmay_slime_entry_pillars, gammafunk_ghost_arena,
          grunt_megastairs_4
Lair:6:   hangedman_lair_tendril_chambers, layout_regular_city,
          gammafunk_ghost_necromancy, st_stairs_7, infiniplex_staircase_pool,
          serial_bayou_shore_b

Skill      XL: |  1  2  3  4  5  6  7  8  9 10 11 12 13 14 15 |
---------------+----------------------------------------------+-----
Earth Magic    | 4 5 6 7 8 9 10 11 12 13 | 13.1
Conjurations   | 1 2 3 4 5 6 7 8 9 10 11 | 11.4
Spellcasting   | 3 4 5 6 7 8 9 10 | 10.1
Maces & Flails | 1 2 3 4 6 7 8 9 |  9.6
Fighting       | 1 2 4 5 6 7 9 10 | 10.4
Armour         | 1 2 4 5 6 |  6.0
Dodging        | 2 3 4 5 6 7 8 |  8.2
Evocations     | 1 3 4 5 6 7 8 |  8.7
Fire Magic     | 3 5 |  5.7
Stealth        | |  2.1
Transmutations | |  0.7

Action                   |  1- 3 |  4- 6 |  7- 9 | 10-12 | 13-15 || total
-------------------------+-------+-------+-------+-------+-------++-------
Melee: Unarmed           |     9 |       |       |     2 |       ||    11
       Club              |   101 |    53 |    24 |       |       ||   178
       Short sword       |       |       |   315 |   118 |    24 ||   457
       Dire flail        |       |       |       |   413 |   601 ||  1014
 Cast: Sandblast         |    15 |    18 |    55 |    21 |     5 ||   114
       Lee's Rapid Decon |       |       |    15 |    55 |    51 ||   121
       Stone Arrow       |       |       |     1 |    47 |    13 ||    61
       Bolt of Magma     |       |       |       |    12 |    40 ||    52
       Irradiate         |       |       |       |     2 |    16 ||    18
       Fireball          |       |       |       |     2 |       ||     2
       Iron Shot         |       |       |       |       |    34 ||    34
 Abil: Fly               |       |       |       |       |     1 ||     1
Evoke: Wand              |       |       |       |     6 |       ||     6
  Use: Scroll            |       |     9 |     7 |    11 |     9 ||    36
       Potion            |       |     3 |     2 |       |     2 ||     7
 Stab: Sleeping          |     4 |     2 |     6 |     1 |     1 ||    14
       Distracted        |       |       |       |       |     1 ||     1
Armor: Robe              |    51 |    26 |   178 |   146 |       ||   401
       Skin              |       |       |       |     3 |       ||     3
       Troll leather arm |       |       |       |   184 |   463 ||   647
Dodge: Dodged            |    83 |    45 |   276 |   448 |   496 ||  1348

Table legend: (Time is in decaauts)
 A = Elapsed time spent in this place.
 B = Non-inter-level travel time spent in this place.
 C = Inter-level travel time spent in this place.
 D = Time resting spent in this place.
 E = Time spent auto-exploring this place.
 F = Levels seen in this place.
 G = Mean time per level.
                   A        B        C        D        E       F      G
               +--------+--------+--------+--------+--------+-----+--------+
         Total |  22079 |  21414 |    665 |   2450 |  14038 |  22 | 1003.6 |
       Dungeon |  16153 |  15653 |    500 |   1909 |  10163 |  14 | 1153.8 |
          Lair |   5339 |   5174 |    165 |    436 |   3725 |   6 |  889.8 |
        Bailey |    550 |    550 |      0 |    105 |    149 |   1 |  550.0 |
      Ice Cave |     34 |     34 |      0 |      0 |      1 |   1 |   34.0 |
               +--------+--------+--------+--------+--------+-----+--------+

Top non-repeatable levels by time:
    D:13: 1629 daAuts
     D:9: 1625 daAuts
  Lair:4: 1352 daAuts
  Lair:5: 1271 daAuts
     D:6: 1256 daAuts
     D:7: 1240 daAuts
  Lair:3: 1198 daAuts
    D:10: 1182 daAuts
     D:1: 1151 daAuts
     D:2: 1151 daAuts
     D:3: 1127 daAuts
    D:11: 1052 daAuts
     D:8: 1052 daAuts
     D:5: 991 daAuts
    D:14: 921 daAuts
